AoeStats
← Caronte

Arena

506496568Analyzed
4v4 RM · 19d ago on Sep 13, 2026· 40m 26s· 8 players
Game mode
Random Map
Map size
Large (8 player)
Population
200
Speed
Normal
Resources
Standard
Victory
Conquest
Starting age
Dark Age
Ending age
Imperial Age
RankedLock teamsTeams togetherTeam positionsShared explorationLock speedFull tech treeHidden civsTurbo modeCheats
Victory
Defeat
🇨🇳 Tatars · China
1032
+13
🇨🇳 Franks · China
1002
+14
🇦🇷 Goths · Argentina
908
+18
🇦🇷 Ethiopians · Argentina
890
+19
🇳🇱 Saracens · Netherlands
985
-17
🇬🇧 Persians · United Kingdom
963
-16
🇬🇧 Burmese · United Kingdom
959
-16
🇬🇹 Khmer · Guatemala
939
-15
Doofus
10:22 Feudal Age
10:56 Horse Collar
16:51 Castle Age
17:39 Heavy Plow
18:18 Wheelbarrow
17:31 Town Watch
19:22 Fervor
21:57 Loom
22:55 Forging
22:49 Gold Mining
23:08 Fletching
24:35 Stone Mining
29:12 Imperial Age
27:03 Squires
26:49 Gambesons
26:24 Man-at-Arms
28:02 Iron Casting
29:20 Gold Shaft Mining
29:10 Sanctity
29:15 Murder Holes
29:19 Long Swordsman
30:21 Conscription
30:37 Scale Mail Armor
31:08 Two-Handed Swordsman
33:07 Blast Furnace
33:12 Hand Cart
33:31 Chain Mail Armor
33:11 Bodkin Arrow
34:26 Conscription
34:15 Champion
34:25 Pikeman
36:52 Plate Mail Armor
37:00 Crop Rotation
36:15 Halberdier
39:38 Bracer
Korven
10:00 Feudal Age
11:28 Wheelbarrow
10:38 Horse Collar
12:13 Double-Bit Axe
14:20 Town Watch
17:04 Castle Age
15:52 Stone Mining
16:50 Gold Mining
18:22 Husbandry
19:38 Heavy Plow
27:34 Bow Saw
27:12 Loom
28:50 Gold Shaft Mining
30:25 Hand Cart
30:13 Town Patrol
34:04 Imperial Age
34:04 Bloodlines
34:51 Stone Shaft Mining
34:25 Elite Battle Elephant
35:33 Forging
35:15 Fletching
35:47 Ballistics
36:28 Chemistry
35:53 Conscription
35:35 Tusk Swords
36:10 Masonry
36:45 Double Crossbow
38:16 Iron Casting
37:43 Padded Archer Armor
40:08 Crop Rotation
BombaKladSon
10:40 Feudal Age
12:03 Double-Bit Axe
12:11 Stone Mining
17:25 Castle Age
16:17 Horse Collar
17:21 Gold Mining
18:49 Wheelbarrow
18:42 Bow Saw
26:37 Heavy Plow
30:08 Hand Cart
32:29 Imperial Age
32:24 Gold Shaft Mining
31:30 Crossbowman
33:30 Husbandry
33:40 Bloodlines
33:23 Fletching
33:35 Padded Archer Armor
35:48 Thumb Ring
36:58 Two-Man Saw
38:28 Heavy Camel Rider
39:38 Forging
39:34 Scale Barding Armor
mpowerltdukhiphop
10:16 Feudal Age
10:43 Double-Bit Axe
15:43 Loom
18:53 Castle Age
17:06 Horse Collar
18:07 Wheelbarrow
19:32 Stone Mining
22:25 Hand Cart
26:10 Heavy Plow
31:13 Imperial Age
28:49 Fletching
28:45 Pikeman
29:40 Forging
30:08 Masonry
29:44 Elite Skirmisher
30:29 Thumb Ring
30:53 Bow Saw
30:37 Town Watch
31:30 Bodkin Arrow
32:11 Iron Casting
33:28 Town Patrol
35:24 Gold Mining
36:38 Chemistry
36:09 Architecture
ZHurald ZHurdrada
11:46 Feudal Age
12:50 Double-Bit Axe
12:46 Horse Collar
15:51 Castle Age
17:21 Heavy Plow
20:19 Fervor
20:30 Loom
26:02 Town Watch
28:31 Wheelbarrow
28:33 Fletching
29:05 Bow Saw
29:15 Gold Mining
29:21 Stone Mining
30:37 Bloodlines
30:27 Husbandry
32:28 Gold Shaft Mining
32:01 Light Cavalry
32:43 Silk Armor
32:51 Scale Barding Armor
32:57 Forging
32:32 Treadmill Crane
33:03 Fortified Wall
36:04 Imperial Age
33:50 Hand Cart
34:09 Murder Holes
35:04 Ballistics
34:46 Padded Archer Armor
34:42 Bodkin Arrow
35:08 Chain Barding Armor
35:23 Iron Casting
35:00 Town Patrol
35:02 Scale Mail Armor
35:19 Masonry
36:53 Siege Engineers
37:49 Chemistry
36:50 Bracer
37:05 Leather Archer Armor
37:33 Plate Barding Armor
37:58 Blast Furnace
37:14 Leather Archer Armor
37:21 Timurid Siegecraft
37:31 Conscription
37:47 Crop Rotation
37:39 Hussar
38:27 Heavy Cavalry Archer
39:50 Ring Archer Armor
Viejo_Lobo_17
0:29 Loom
12:44 Feudal Age
14:04 Wheelbarrow
13:17 Double-Bit Axe
21:37 Castle Age
19:10 Man-at-Arms
20:05 Forging
19:55 Scale Mail Armor
23:40 Stone Mining
26:10 Stone Shaft Mining
29:14 Horse Collar
29:23 Pikeman
30:03 Squires
30:55 Masonry
31:08 Ballistics
34:20 Bow Saw
34:04 Gold Mining
34:32 Hand Cart
35:48 Iron Casting
35:28 Chain Mail Armor
36:16 Squires
36:59 Long Swordsman
39:20 Heavy Plow
39:39 Anarchy
king vitt
0:30 Loom
11:30 Feudal Age
12:49 Wheelbarrow
12:03 Double-Bit Axe
18:08 Castle Age
19:24 Hand Cart
23:03 Gold Mining
23:26 Bow Saw
28:24 Gold Shaft Mining
31:14 Imperial Age
28:52 Town Watch
29:53 Husbandry
30:02 Scale Barding Armor
30:08 Forging
31:45 Chain Barding Armor
32:23 Iron Casting
31:41 Cavalier
33:10 Plate Barding Armor
33:08 Paladin
34:52 Blast Furnace
34:04 Chivalry
34:25 Conscription
Caronte
9:38 Feudal Age
11:17 Wheelbarrow
10:30 Double-Bit Axe
10:27 Horse Collar
16:55 Castle Age
15:46 Stone Mining
16:03 Scale Mail Armor
16:13 Forging
18:29 Squires
23:10 Heavy Plow
29:48 Imperial Age
26:55 Crossbowman
28:19 Padded Archer Armor
28:43 Fletching
29:54 Leather Archer Armor
29:54 Thumb Ring
30:37 Hand Cart
30:08 Town Watch
31:03 Conscription
31:01 Bow Saw
32:16 Chemistry
31:38 Arbalester
36:16 Heavy Scorpion
37:24 Arson
37:38 Bodkin Arrow
37:59 Chain Mail Armor
38:35 Halberdier
Connection lost

Rejoining the realm…

Still unreachable

The connection could not be restored.

Session expired

The server has moved on; the page needs a fresh start.